 Dungeon Crawl Stone Soup version 0.30-b1-2-g02819fbbbe (webtiles) character file.

Game seed: 3161357643238988646

81804 Borgoz the Warrior (level 15, 0/103 HPs)
             Began as a Gargoyle Berserker on June 22, 2023.
             Was an Elder of Trog.
             Slain by a centaur warrior
             ... wielding a +6 heavy shortbow
              (10 damage)
             ... on level 13 of the Dungeon.
             The game lasted 00:41:05 (22568 turns).

Borgoz the Warrior (Gargoyle Berserker)            Turns: 22568, Time: 00:41:05

Health: 0/103      AC: 51    Str: 22    XL:     15   Next: 71%
Magic:  15/15      EV:  9    Int: 15    God:    Trog [****..]
Gold:   1595       SH:  0    Dex: 15    Spells: 14/14 levels left

rFire   + + .        A - +1 great mace of Courage {speed, Str+2 Stlth+}
rCold   . . .        (shield currently unavailable)
rNeg    + + .        C - +6 crystal plate armour "Soosic" {rF++}
rPois   ∞            K - +2 helmet
rElec   +            F - +0 cloak
rCorr   .            z - +1 pair of gloves "Lyidem" {rN+ Int+5}
SInv    .            j - +1 pair of boots
Will    ++...        (no amulet) Stlth
                     i - +4 ring of slaying
HPRegen 0.00/turn    B - ring of willpower
MPRegen 0.14/turn

%: no passive effects
@: on berserk cooldown, flying, inhibited regen, slowed, studying Ranged
Weapons, very slow
A: sickness immunity, AC +11, big wings, negative energy resistance 1,
electricity resistance, torment resistance 1, petrification resistance,
inhibited regeneration
a: Renounce Religion, Berserk, Trog's Hand, Brothers in Arms


You were on level 13 of the Dungeon.
You worshipped Trog.
Trog was greatly pleased with you.
You visited 3 branches of the dungeon, and saw 20 of its levels.
You also visited: Sewer.

You collected 2498 gold pieces.
You spent 903 gold pieces at shops.

Inventory:

Hand Weapons
 A - the +1 great mace of Courage (weapon) {speed, Str+2 Stlth+}
   (You bought it in a shop on level 8 of the Dungeon)

   Str:       It affects your strength (+2).
   Stlth:     It makes you more stealthy.
Missiles
 o - 39 poisoned darts (quivered)
 r - 2 throwing nets
Armour
 j - a +1 pair of boots (worn)
 l - the +5 scale mail "Ahekuat" {Int+4}
   (You bought it in a shop on level 2 of the Orcish Mines)

   Int:       It affects your intelligence (+4).
 n - a +2 kite shield of protection
 u - a +1 scale mail of cold resistance
 z - the +1 pair of gloves "Lyidem" (worn) {rN+ Int+5}
   (You bought it in a shop on level 2 of the Orcish Mines)

   Int:       It affects your intelligence (+5).
   rN:        It protects you from negative energy.
 C - the +6 crystal plate armour "Soosic" (worn) {rF++}
   (You acquired it on level 8 of the Dungeon)

   rF:        It greatly protects you from fire.
 F - a +0 cloak (worn)
 K - a +2 helmet (worn)
Jewellery
 i - a +4 ring of slaying (left hand)
 x - a ring of fire
 B - a ring of willpower (right hand)
Wands
 a - a wand of acid (6)
 p - a wand of mindburst (16)
 s - a wand of digging (5)
 v - a wand of polymorph (4)
 I - a wand of iceblast (4)
Scrolls
 g - 3 scrolls of fear
 k - 11 scrolls of teleportation
 y - 3 scrolls of blinking
 E - a scroll of poison
 J - a scroll of enchant weapon
Potions
 b - a potion of lignification {unknown}
 d - 2 potions of haste
 e - 2 potions of curing
 f - 3 potions of resistance
 h - 11 potions of berserk rage
 m - 3 potions of magic {unknown}
 q - a potion of brilliance {unknown}
 t - a potion of attraction
 L - 2 potions of mutation


   Skills:
 * Level 15.0 Fighting
 * Level 14.6 Maces & Flails
 - Level 5.0 Throwing
 * Level 14.7 Armour
 * Level 11.5 Dodging


You had 14 spell levels left.
You didn't know any spells.
Your spell library was empty.

Dungeon Overview and Level Annotations

Branches:
Dungeon (14/15)            Temple (0/1) D:4            Lair (5/5) D:9
 Shoals (0/4) Lair:2       Spider (0/4) Lair:3        Slime (0/5) Lair:5
    Orc (2/2) D:9             Elf (0/3) Orc:2         Sewer (visited)
 Vaults: D:13-14

Altars:
Ashenzari
Dithmenos
Elyvilon
Fedhas
Gozag
Hepliaklqana
Kikubaaqudgha
Makhleb
Nemelex Xobeh
Qazlal
Trog
Uskayaw
Yredelemnul
Zin
The Shining One
Jiyva

Shops:
D:8 ([(   D:9 ((   Orc:2 **:[

Portals:
Pandemonium: Orc:2


Innate Abilities, Weirdness & Mutations

You are immune to sickness and miasma.
Your stone body is resilient. (AC +11)
You are immune to poison.
Your large and strong wings let you fly.
You resist negative energy. (rN+)
You are resistant to electric shocks. (rElec)
You are resistant to unholy torment.
You are immune to petrification.
You do not regenerate when monsters are visible.


Message History

You are too injured to fight recklessly!
You are too injured to fight recklessly!
You are too injured to fight recklessly!
You flatten the large slime creature like a pancake!!!
The large slime creature is almost dead.
Your polar bear bites the large slime creature!
Your polar bear claws the large slime creature!
The large slime creature dies!
Trog accepts your kill.
You start resting.
An arrow appears from out of your range of vision.
The arrow barely misses your polar bear.
You start resting.
An arrow appears from out of your range of vision.
The arrow hits your polar bear!
A centaur warrior comes into view. It is wielding a +6 heavy shortbow.
A centaur warrior is nearby!
A centaur warrior is nearby!
The centaur warrior shoots an arrow.
The arrow hits you but does no damage.
A centaur warrior is nearby!
The centaur warrior shoots an arrow.
The arrow hits your polar bear!!
Your polar bear dies!
Your polar bear's corpse disappears in a puff of smoke!
An orc warrior comes into view. It is wielding a +0 hand axe.
The orc warrior shouts!
The centaur warrior shoots an arrow.
The arrow hits you!
* * * LOW HITPOINT WARNING * * *
The centaur warrior hits you but does no damage.
The centaur warrior misses you.
You barely miss the centaur warrior.
The centaur warrior hits you but does no damage.
The centaur warrior kicks you but does no damage.
You closely miss the centaur warrior.
The centaur warrior hits you with a +6 heavy shortbow.
* * * LOW HITPOINT WARNING * * *
The centaur warrior closely misses you.
You bludgeon the centaur warrior!!
The centaur warrior is heavily wounded.
The centaur warrior hits you with a +6 heavy shortbow!
You die...

##################
.................#
...........#.....### ###
##########.........# #..
###.....#)# #.#
#.....#†# #.#
#....@#)#########.##
#....oc)...........#
#...............)).###
##.#............).....
####..............)).###
#..#.#..................
+..'(........)######.###
#..#.#........# #.#.. ##
#..........# #.#.#


You could see a centaur warrior and an orc warrior.

Vanquished Creatures
  2 azure jellies (Lair:5)
  The ghost of Drakonis1988 the Cleaver, a journeyman MiFi of Okawaru (Lair:5)
  4 dire elephants (Lair:5)
  A fire dragon (D:14)
  Fannar (D:9)
  3 demonspawn (Orc:2)
  6 hydras
  3 two-headed ogres
  3 centaur warriors
  Erica (D:9)
  A death yak (Lair:5)
  A tengu warrior (D:14)
  3 boulder beetles
  6 orc high priests
  The ghost of Drakonis1988 the Cleaver, a novice MiFi of Ru (D:7)
  A skyshark (Lair:2)
  A skeletal warrior (D:8)
  Lodul (D:10)
  An obsidian statue (Lair:5)
  A lindwurm (Lair:2)
  2 deep elf archers (D:13)
  Pikel (D:4)
  3 orc knights (Orc:2)
  4 necromancers (Lair:5)
  A wolf spider (Lair:5)
  3 oklob plants
  8 orc sorcerers (Orc:2)
  15 elephants
  3 manticores
  5 cyclopes
  7 black mambas
  2 gargoyles
  14 cane toads
  A torpor snail (Lair:1)
  An efreet (D:9)
  An unseen horror (D:13)
  A rime drake (Lair:1)
  A tengu conjurer (D:14)
  2 komodo dragons
  An ice devil (Orc:2)
  3 polar bears
  A hellwing (Orc:2)
  A troll (D:9)
  A hornet (D:10)
  A wind drake (Lair:2)
  Prince Ribbit (D:5)
  A tarantella (Lair:3)
  9 dream sheep
  13 blink frogs
  Sigmund (D:4)
  A shadow (D:9)
  5 wyverns
  A slime creature (D:8)
  11 yaks
  A ynoxinul (Orc:2)
  Eustachio (D:5)
  2 dire elephant simulacra (Lair:5)
  4 basilisks
  A neqoxec (Orc:2)
  2 death yak simulacra (Lair:5)
  3 steam dragons
  A vampire mosquito (D:8)
  A chaos spawn (Orc:2)
  3 swamp worms (Lair:2)
  Edmund (D:4)
  2 wargs (Orc:1)
  2 acid dragons
  A spectral cane toad (Lair:5)
  17 water moccasins
  A sky beast (D:6)
  5 black bears
  35 orc warriors
  13 ogres
  2 elephant zombies (Lair:5)
  16 wolves
  12 centaurs
  4 phantoms
  6 kobold brigands
  12 bullfrogs
  3 gnoll sergeants
  3 cane toad simulacra (Lair:5)
  4 scorpions
  8 wights
  An elephant simulacrum (Lair:5)
  9 killer bees (D:10)
  3 troll zombies (D:9)
  9 howler monkeys
  4 electric eels (Lair:2)
  3 iron imps (D:9)
  2 jellies
  2 gnoll boudas
  4 hounds
  23 orc priests
  4 iguanas
  3 sleepcaps
  Natasha (thrice) (D:2)
  20 orc wizards
  5 ogre zombies (D:9)
  6 adders
  17 gnolls
  3 river rats
  A shadow imp (D:5)
  2 white imps
  2 ufetubi
  4 worms (Sewer)
  5 dart slugs
  60 orcs
  7 endoplasms
  3 giant cockroaches
  9 goblins
  9 hobgoblins
  4 jackals (D:4)
  2 quokkas
  15 ball pythons
  9 bats
  3 frilled lizards
  2 goblin skeletons (D:9)
  5 goblin zombies (D:9)
  2 hobgoblin skeletons (D:9)
  18 kobolds
  2 orc skeletons (D:9)
  14 orc zombies (D:9)
  12 rats
  2 bushes (D:7)
647 creatures vanquished.

Vanquished Creatures (collateral kills)
  A dire elephant (Lair:5)
  An orc high priest (Orc:2)
  A spectral anaconda (Lair:5)
  2 orc knights (Orc:2)
  2 elephants (Lair:4)
  4 slime creatures (D:13)
  A wolf (Lair:4)
  An orc priest (Orc:2)
13 creatures vanquished.

Vanquished Creatures (others)
  A vampire (D:13)
  An orc wizard (Orc:1)
  23 fungi
  52 plants
  18 withered plants (Lair:5)
95 creatures vanquished.

Grand Total: 755 creatures vanquished

Notes
Turn   | Place    | Note
-------+----------+-------------------------------------------
     0 | D:1      | Borgoz the Gargoyle Berserker began the quest for the Orb.
     0 | D:1      | Reached XP level 1. HP: 14/14 MP: 1/1
    32 | D:1      | HP: 1/21 [kobold/+0 short sword (4)]
   111 | D:1      | Reached XP level 2. HP: 19/19 MP: 2/2
   470 | D:1      | Reached XP level 3. HP: 21/23 MP: 3/3
   999 | D:2      | Noticed Natasha
  1009 | D:2      | Killed Natasha
  1010 | D:2      | Reached XP level 4. HP: 29/29 MP: 4/4
  1083 | D:2      | Noticed Natasha
  1092 | D:2      | Killed Natasha
  1109 | D:2      | Noticed Natasha
  1118 | D:2      | Killed Natasha
  1281 | D:2      | Reached skill level 4 in Fighting
  1293 | D:2      | Reached XP level 5. HP: 33/33 MP: 5/5
  1342 | D:2      | Reached ** piety under Trog
  1877 | D:3      | Noticed a black bear
  1891 | D:3      | Killed a black bear
  1892 | D:3      | Reached XP level 6. HP: 39/39 MP: 6/6
  2159 | D:3      | Reached skill level 5 in Maces & Flails
  2394 | D:4      | Noticed Edmund
  2417 | D:4      | Killed Edmund
  2418 | D:4      | Reached XP level 7. HP: 33/44 MP: 7/7
  2426 | D:4      | Noticed Sigmund
  2430 | D:4      | Killed Sigmund
  2431 | D:4      | Reached skill level 5 in Fighting
  2455 | D:4      | Found a stormy altar of Qazlal.
  2523 | D:4      | Found a glowing drain.
  2534 | Sewer    | Entered a sewer
  2840 | Sewer    | Reached XP level 8. HP: 50/50 MP: 8/8
  2924 | Sewer    | Reached *** piety under Trog
  3091 | D:4      | Reached skill level 5 in Armour
  3209 | D:4      | Found a staircase to the Ecumenical Temple.
  3282 | D:4      | Noticed Pikel
  3292 | D:4      | Killed Pikel
  3293 | D:4      | Reached skill level 6 in Fighting
  3313 | D:4      | Found a glowing silver altar of Zin.
  3431 | D:4      | Reached XP level 9. HP: 44/55 MP: 9/9
  3647 | D:5      | Entered Level 5 of the Dungeon
  3737 | D:5      | Found a glowing golden altar of the Shining One.
  3801 | D:5      | Found a white marble altar of Elyvilon.
  3846 | D:5      | Noticed Eustachio
  3852 | D:5      | Killed Eustachio
  4122 | D:5      | Found a basalt altar of Yredelemnul.
  4124 | D:5      | Noticed Prince Ribbit
  4145 | D:5      | Killed Prince Ribbit
  4284 | D:5      | Reached skill level 7 in Fighting
  4286 | D:5      | Reached skill level 1 in Throwing
  4762 | D:6      | Reached skill level 5 in Dodging
  5043 | D:6      | Found a sparkling altar of Nemelex Xobeh.
  5468 | D:6      | Noticed a gargoyle
  5481 | D:6      | Killed a gargoyle
  5482 | D:6      | Reached XP level 10. HP: 31/64 MP: 10/10
  5930 | D:7      | Found a runed translucent gate.
  5931 | D:7      | Found a runed translucent gate.
  5932 | D:7      | Found a runed translucent gate.
  5944 | D:7      | Reached **** piety under Trog
  5945 | D:7      | Noticed Drakonis1988's ghost (novice MiFi)
  5950 | D:7      | Noticed a cyclops
  6254 | D:7      | Reached skill level 8 in Fighting
  6462 | D:7      | Found a blossoming altar of Fedhas.
  6481 | D:7      | Noticed an oklob plant
  6506 | D:7      | Killed an oklob plant
  6674 | D:7      | Found a shadowy altar of Dithmenos.
  6676 | D:7      | Found an ancient bone altar of Kikubaaqudgha.
  6677 | D:7      | Found an opulent altar of Gozag.
  7135 | D:7      | Killed Drakonis1988's ghost
  7138 | D:7      | Killed a cyclops
  7363 | D:8      | Found a large runed translucent door.
  7364 | D:8      | Found a large runed translucent door.
  7368 | D:8      | Found a large runed translucent door.
  7368 | D:8      | Found a large runed translucent door.
  7371 | D:8      | Noticed a two-headed ogre
  7371 | D:8      | Noticed a skeletal warrior
  7509 | D:8      | Identified the +0 cloak of Limited Liability {rF- MP+9
                  | Int+3}
  7510 | D:8      | Found Eluleani's Weapon Shop.
  7525 | D:8      | Bought the +1 great mace of Courage {speed, Str+2 Stlth+}
                  | for 385 gold pieces
  7561 | D:8      | Found Guocw's Armour Shoppe.
  7639 | D:8      | Noticed a two-headed ogre
  7647 | D:8      | Killed a two-headed ogre
  7648 | D:8      | Reached XP level 11. HP: 69/69 MP: 11/11
  7651 | D:8      | Reached skill level 9 in Fighting
  7967 | D:8      | Identified a scroll of acquirement
  7967 | D:8      | Acquired the +6 crystal plate armour "Soosic" {rF++}
  8224 | D:8      | Found Zonypyog's Weapon Boutique.
  8607 | D:8      | Killed a two-headed ogre
  8608 | D:8      | Reached skill level 10 in Maces & Flails
  8625 | D:8      | Killed a skeletal warrior
  8634 | D:8      | Identified the +8 scimitar "Boczuc" {flame, Int+3 SInv
                  | Stlth+}
  8786 | D:9      | Found a burning altar of Makhleb.
  8869 | D:9      | Found a broken altar of Ashenzari.
  8925 | D:9      | Found a staircase to the Orcish Mines.
  8978 | D:9      | Reached ***** piety under Trog
  9043 | D:9      | Found Sesutwuy's Weapon Shoppe.
  9219 | D:9      | Found Telogun's Antique Weapon Boutique.
  9313 | D:9      | Found a staircase to the Lair.
  9350 | D:9      | Found a hazy altar of Hepliaklqana.
  9410 | D:10     | Entered Level 10 of the Dungeon
  9496 | D:10     | Noticed Lodul
  9510 | D:10     | Killed Lodul
  9511 | D:10     | Reached skill level 10 in Fighting
  9681 | D:10     | Noticed a two-headed ogre
  9683 | D:10     | Noticed a cyclops
  9690 | D:10     | Killed a two-headed ogre
  9702 | D:10     | Killed a cyclops
  9703 | D:10     | Reached skill level 10 in Armour
  9703 | D:10     | Reached XP level 12. HP: 77/77 MP: 12/12
 10454 | Lair:1   | Entered Level 1 of the Lair of Beasts
 11084 | Lair:1   | Noticed a boulder beetle
 11092 | Lair:1   | Killed a boulder beetle
 11306 | Lair:1   | Reached skill level 11 in Fighting
 11695 | Lair:2   | Reached skill level 5 in Throwing
 12040 | Lair:2   | Noticed a skyshark
 12052 | Lair:2   | Killed a skyshark
 12072 | Lair:2   | Reached XP level 13. HP: 38/84 MP: 13/13
 12246 | Lair:2   | Found a staircase to the Shoals.
 12858 | Lair:2   | Identified the staff of air "Pariq" {rElec Dex+3}
 13349 | Lair:3   | Reached skill level 12 in Fighting
 13793 | Lair:3   | Received a gift from Trog
 13916 | Lair:3   | Found a hole to the Spider Nest.
 15469 | Lair:5   | Entered Level 5 of the Lair of Beasts
 15658 | Lair:5   | Gained mutation: Your large and strong wings let you fly.
                  | [Gargoyle growth]
 15658 | Lair:5   | Reached XP level 14. HP: 92/92 MP: 14/14
 15715 | Lair:5   | Found a runed translucent door.
 15715 | Lair:5   | Found a viscous altar of Jiyva.
 15715 | Lair:5   | Found a staircase to the Slime Pits.
 15715 | Lair:5   | Noticed an azure jelly
 15715 | Lair:5   | Noticed an azure jelly
 15754 | Lair:5   | Found a transporter.
 15756 | Lair:5   | Noticed Drakonis1988's ghost (journeyman MiFi)
 15904 | Lair:5   | Reached skill level 13 in Fighting
 16173 | Lair:5   | Found a transporter.
 16335 | Lair:5   | Noticed a dire elephant
 16335 | Lair:5   | Noticed a dire elephant
 16335 | Lair:5   | Noticed a dire elephant
 16335 | Lair:5   | Noticed a dire elephant
 16339 | Lair:5   | Reached skill level 10 in Dodging
 16861 | Lair:5   | Killed a dire elephant
 16879 | Lair:5   | Killed a dire elephant
 16892 | Lair:5   | Killed a dire elephant
 16901 | Lair:5   | Killed a dire elephant
 17541 | Lair:5   | Noticed a dire elephant
 17554 | Lair:5   | Killed a dire elephant
 17809 | Lair:5   | HP: 1/95 [Drakonis1988's ghost (17)]
 18098 | Lair:5   | Killed Drakonis1988's ghost
 18293 | Lair:5   | Killed an azure jelly
 18300 | Lair:5   | Killed an azure jelly
 18421 | Orc:1    | Entered Level 1 of the Orcish Mines
 18421 | Orc:1    | Found a bloodstained altar of Trog.
 18422 | Orc:1    | Noticed Fannar
 18635 | D:9      | Killed Fannar
 18691 | Orc:1    | Noticed Erica
 18710 | D:9      | Killed Erica
 18711 | D:9      | Reached skill level 14 in Fighting
 18889 | Orc:2    | Entered Level 2 of the Orcish Mines
 18889 | Orc:2    | Found a staircase to the Elven Halls.
 19526 | Orc:1    | Reached XP level 15. HP: 87/100 MP: 15/15
 19810 | Orc:2    | Gained mutation: You do not regenerate when monsters are
                  | visible. [a neqoxec]
 20003 | Orc:2    | Found Ewkeadire's General Store.
 20007 | Orc:2    | Found Neacox's General Store.
 20476 | Orc:2    | Paralysed by an orc sorcerer for 5 turns
 21302 | Orc:2    | Found Offe's Book Emporium.
 21302 | Orc:2    | Found Jedduudgh's Antique Armour Shoppe.
 21303 | Orc:2    | Found a one-way gate leading to the halls of Pandemonium.
 21307 | Orc:2    | Bought a smoking scale mail for 252 gold pieces
 21307 | Orc:2    | Identified the +5 scale mail "Ahekuat" {Int+4} (You bought
                  | it in a shop on level 2 of the Orcish Mines)
 21307 | Orc:2    | Bought a pair of spiked gloves for 266 gold pieces
 21307 | Orc:2    | Identified the +1 pair of gloves "Lyidem" {rN+ Int+5} (You
                  | bought it in a shop on level 2 of the Orcish Mines)
 21611 | D:11     | You are sucked into a shaft and drop 3 floors!
 22251 | D:13     | Found a hide-covered altar of Uskayaw.
 22499 | D:13     | HP: 5/101 [deep elf archer/arrow (12)]
 22551 | D:13     | Reached skill level 15 in Fighting
 22568 | D:13     | Slain by a centaur warrior

Illustrated notes

Levels and vault maps discovered:
D:1:      saegor_arrival_fortress, layout_basic, minmay_misc_feat_four_crosses
D:2:      layout_loops_ring, hex_tiny, minmay_misc_feat_rugged,
          minmay_misc_feat_ornament, minmay_goblin_outpost, uniq_natasha
D:3:      layout_rooms, minmay_misc_feat_chi
D:4:      layout_gridville, lemuel_coloured_pillars_altar,
          nicolae_qazlal_general_emergency, minmay_temple_entry_waves,
          portal_sewer_entry_b, lightli_ossuary_entry_decrepit_ruins,
          sigmund_edmund_badplayer, uniq_pikel, uniq_edmund
D:5:      layout_basic, tso_altar, elyvilon_altar_1,
          nicolae_overflow_crystal_walls, chequers_jeans,
          hangedman_decor_peaks_small, hangedman_decor_opposing,
          uniq_prince_ribbit1, uniq_eustachio, uniq_sigmund
D:6:      layout_layer_cave, mainiacjoe_overflow_tiny_flanked,
          grunt_decor_resistance
D:7:      layout_loops_cross, tgw_fedhas, minitemple, gammafunk_ghost_split,
          hangedman_decor_push, bh_walls_and_bars
D:8:      layout_loops_corners, serial_shops, nicolae_shop_bloodbath_and_beyond,
          nicolae_shop_hallway_plus, nicolae_shop_back_alley_shop,
          serial_bayou_pond_a, solitary_fountain, minmay_hollow_rounded_squares
D:9:      layout_roguey, mainiacjoe_overflow_alcove_1,
          nzn_hepliaklqana_mist_gate, demons_altar,
          grunt_lair_entry_orc_guard_hut, zombieorc2_lemuel, serial_shops, shop,
          kennysheep_diamond, minmay_misc_feat_enclosed
D:10:     layout_basic, uniq_lodul
D:11:     layout_cave_pods, gammafunk_ghost_ooze, uniq_sonja, uniq_grum,
          uniq_amaemon
D:13:     evilmike_iron_armoury, layout_basic, serial_shops,
          nicolae_shop_peninsula, nicolae_uskayaw_dance_hall
D:14:     layout_loops_ring, david_vaults_2, nicolae_cairo_tiling_large,
          uniq_jorgrun
Lair:1:   minmay_lair_oklob_chamber, layout_misc_corridors,
          dpeg_stationary_puzzle
Lair:2:   layout_cave_pods, minmay_shoals_entry_beasts, serial_bayou,
          serial_bayou_shore_b, serial_bayou_pond_b, serial_bayou_lake_a,
          serial_bayou_pond_d, worms_lemuel
Lair:3:   layout_misc_corridors, spider_nest_entry_rubble
Lair:4:   layout_cave_pods
Lair:5:   due_jungle_book, layout_regular_city, slime_entry_2,
          gammafunk_ghost_arena
Orc:1:    layout_caves, basic_altar, uniq_fannar, uniq_erica
Orc:2:    pf_orc_diabolical, layout_caves

Skill      XL: |  1  2  3  4  5  6  7  8  9 10 11 12 13 14 15 |
---------------+----------------------------------------------+-----
Dodging        | 2 3 4 5 6 7 8 9 10 11 | 11.5
Armour         | 3 4 5 7 8 10 11 12 13 14 | 14.7
Maces & Flails | 4 5 6 7 8 9 10 11 12 13 14 | 14.6
Fighting       | 4 5 6 7 8 10 11 12 14 15 | 15.0
Throwing       | 1 3 4 5 |  5.0

Action                     |  1- 3 |  4- 6 |  7- 9 | 10-12 | 13-15 || total
---------------------------+-------+-------+-------+-------+-------++-------
  Melee: Mace              |    93 |    26 |       |       |       ||   119
         Flail             |       |    78 |       |       |       ||    78
         Punch             |       |     1 |       |       |       ||     1
         Dire flail        |       |       |   314 |   170 |       ||   484
         Great mace        |       |       |       |   569 |  1108 ||  1677
  Throw: Dart              |       |       |       |       |    19 ||    19
 Invoke: Berserk           |     2 |     4 |     5 |     6 |    22 ||    39
         Trog's Hand       |       |     1 |     4 |     6 |    12 ||    23
         Brothers in Arms  |       |       |       |       |     9 ||     9
  Evoke: Wand              |       |       |       |     9 |     3 ||    12
    Use: Scroll            |     6 |     3 |     3 |     4 |    13 ||    29
         Potion            |       |       |     2 |     3 |     6 ||    11
   Stab: Invisible         |       |       |       |     2 |       ||     2
         Distracted        |       |       |       |       |     1 ||     1
 Armour: Animal skin       |    10 |       |       |       |       ||    10
         Ring mail         |    54 |       |       |       |       ||    54
         Scale mail        |     4 |    91 |   156 |    59 |   140 ||   450
         Crystal plate arm |       |       |       |   500 |   960 ||  1460
  Dodge: Dodged            |    83 |    68 |   177 |   244 |   551 ||  1123
